 Dungeon Crawl Stone Soup version 0.29.1-13-g9f3cf754e1 (webtiles) character file.

Game seed: 10472185659478488479

412 Thatpatchoflichen the Slasher (level 6, -6/48 HPs)
             Began as a Demonspawn Gladiator on Feb 3, 2023.
             Engulfed by a cloud of steam (9 damage)
             ... on level 5 of the Dungeon.
             The game lasted 00:10:53 (4959 turns).

Thatpatchoflichen the Slasher (DsGl)                Turns: 4959, Time: 00:10:53

Health: -6/48      AC:  9    Str: 20    XL:     6   Next: 59%
Magic:  6/6        EV: 12    Int: 10    God:
Gold:   160        SH:  0    Dex: 16    Spells: 5/5 levels left

rFire   . . .      SeeInvis .   a - +0 long sword
rCold   . . .      Faith    .   (no shield)
rNeg    . . .      Spirit   .   b - +0 scale mail
rPois   .          Reflect  .   c - +0 helmet
rElec   .          Harm     .   (no cloak)
rCorr   .          Rampage  .   B - +1 pair of gloves
Will    +....                   (no boots)
Stlth   +.........              D - amulet of regeneration
HPRegen 0.96/turn               f - +6 ring of strength
MPRegen 0.10/turn               g - ring of willpower

@: no status effects
A: hooves 1, demonic guardian 1, sturdy frame 1
a: no special abilities


You were on level 5 of the Dungeon.
You visited 1 branch of the dungeon, and saw 5 of its levels.

You collected 160 gold pieces.

Inventory:

Hand Weapons
 a - a +0 long sword (weapon)
Missiles
 d - 3 throwing nets (quivered)
 e - a javelin
Armour
 b - a +0 scale mail (worn)
 c - a +0 helmet (worn)
 B - a +1 pair of gloves (worn)
Jewellery
 f - a +6 ring of strength (left hand)
 g - a ring of willpower (right hand)
 v - an amulet of magic regeneration
 x - a ring of positive energy
 y - a ring of positive energy
 z - an amulet of reflection
 D - an amulet of regeneration (around neck)
Scrolls
 m - a scroll of enchant armour {unknown}
 n - a scroll of immolation {unknown}
 o - a scroll of fear {unknown}
 q - a scroll of poison {unknown}
 s - 2 scrolls of blinking
 t - 2 scrolls of teleportation {unknown}
 u - 3 scrolls of amnesia {unknown}
 w - a scroll of silence {unknown}
 A - 2 scrolls of torment {unknown}
Potions
 h - 3 potions of curing
 i - a potion of haste {unknown}
 j - 2 potions of brilliance
 k - 2 potions of berserk rage
 l - 2 potions of resistance
 p - 2 potions of heal wounds
 r - a potion of flight {unknown}
 C - a potion of degeneration {unknown}
 E - a potion of might {unknown}


   Skills:
 + Level 4.0 Fighting
 + Level 4.2 Long Blades
 - Level 2.0 Throwing
 + Level 2.1 Armour
 + Level 4.2 Dodging


You had 5 spell levels left.
You didn't know any spells.
Your spell library contained the following spells:

 Spells                   Type           Power      Damage    Failure   Level
 Ignite Poison            Fire/Tmut/Pois 0%         N/A       92%         3
 Mephitic Cloud           Conj/Pois/Air  0%         N/A       92%         3
 Freezing Cloud           Conj/Ice/Air   0%         6-21      100%        5


Dungeon Overview and Level Annotations

Branches:
Dungeon (5/15)
 Temple: D:4-7

Altars:
Fedhas
Gozag
Wu Jian


Innate Abilities, Weirdness & Mutations

You have large cloven feet.
A weak demonic guardian rushes to your aid.
Your movements are slightly less encumbered by armour. (ER -2)


Message History

The steam dragon claws you.
You completely miss the steam dragon. You kick the steam dragon.
The steam dragon is moderately wounded.
You are engulfed in a cloud of scalding steam.
The steam dragon barely misses you. The steam dragon claws you.
You completely miss the steam dragon. Your kick misses the steam dragon.
The steam dragon is moderately wounded.
You are engulfed in a cloud of scalding steam.
The steam dragon bites you.
The steam dragon claws you but does no damage.
You slash the steam dragon! You kick the steam dragon.
The steam dragon is severely wounded.
You are engulfed in a cloud of scalding steam.
A nearby fungus withers and dies.
The steam dragon closely misses you.
The steam dragon claws you but does no damage.
The steam dragon bites you. The steam dragon barely misses you.
You hit the steam dragon. Your kick misses the steam dragon.
The steam dragon is almost dead.
The steam dragon misses you.
The steam dragon claws you but does no damage.
You barely miss the steam dragon. Your kick misses the steam dragon.
The steam dragon is almost dead.
The steam dragon closely misses you.
The steam dragon claws you but does no damage.
You barely miss the steam dragon. You kick the steam dragon.
The steam dragon is almost dead.
The steam dragon breathes steam at you. The ball of steam hits you!
* * * LOW HITPOINT WARNING * * *
You hit the steam dragon but do no damage.
The steam dragon is almost dead.
You are engulfed in a cloud of scalding steam.
* * * LOW HITPOINT WARNING * * *
A demonic guardian appears!
The steam dragon bites you but does no damage.
The steam dragon barely misses you.
You hit the steam dragon.
You kill the steam dragon!
You are engulfed in a cloud of scalding steam.
You die...

#DP.....##..#
#......~≈#..#
.^....≈.#..#
..^.~P##..#
.P..~ ...#
#...# ...#
#^..# ...#
#5.P##...#
#.@≈# #.§§#
#~§.# #≈.##
#~.# ##..#
#^.P# ####
#..~#########
...#
#..^#.......#


You could see a friendly quasit (summoned).

Vanquished Creatures
  A steam dragon (D:5)
  An ice beast (D:4)
  A necrophage (D:4)
  2 orc priests
  2 orc wizards
  2 adders (D:2)
  5 dart slugs
  12 orcs
  7 ball pythons
  7 endoplasms
  A giant cockroach (D:3)
  17 goblins
  10 hobgoblins
  4 jackals
  6 kobolds
  5 quokkas
  4 bats
  2 frilled lizards (D:3)
  10 rats
99 creatures vanquished.

Vanquished Creatures (collateral kills)
  Robin (D:3)
  2 orcs (D:5)
  2 hobgoblins (D:3)
5 creatures vanquished.

Vanquished Creatures (others)
  4 fungi (D:5)
4 creatures vanquished.

Grand Total: 108 creatures vanquished

Notes
Turn   | Place    | Note
-------+----------+-------------------------------------------
     0 | D:1      | Thatpatchoflichen the Demonspawn Gladiator began the quest
                  | for the Orb.
     0 | D:1      | Reached XP level 1. HP: 16/16 MP: 1/1
   305 | D:1      | Gained mutation: A weak demonic guardian rushes to your
                  | aid. [demonic ancestry]
   305 | D:1      | Reached XP level 2. HP: 22/22 MP: 2/2
   460 | D:1      | Found a faded altar of an unknown god.
  1202 | D:2      | Gained mutation: You have large cloven feet. [demonic
                  | ancestry]
  1202 | D:2      | Reached XP level 3. HP: 28/28 MP: 3/3
  1614 | D:2      | Gained mutation: Your movements are slightly less
                  | encumbered by armour. (ER -2) [demonic ancestry]
  1614 | D:2      | Reached XP level 4. HP: 31/34 MP: 4/4
  2083 | D:3      | Found a blossoming altar of Fedhas.
  2177 | D:3      | Found an ornate altar of the Wu Jian Council.
  2390 | D:3      | Noticed Robin
  2412 | D:3      | Killed Robin
  3441 | D:3      | Reached skill level 1 in Armour
  3441 | D:3      | Reached XP level 5. HP: 15/41 MP: 5/5
  3861 | D:4      | Found an opulent altar of Gozag.
  4159 | D:5      | Entered Level 5 of the Dungeon
  4227 | D:5      | Noticed an ice beast
  4274 | D:4      | Killed an ice beast
  4402 | D:4      | Reached XP level 6. HP: 38/48 MP: 6/6
  4690 | D:5      | Noticed an ice beast
  4819 | D:5      | Noticed an ice beast
  4890 | D:5      | Noticed a steam dragon
  4958 | D:5      | HP: 2/48 [steam dragon] (8)]
  4959 | D:5      | Killed a steam dragon
  4959 | D:5      | Engulfed by a cloud of steam

Illustrated notes

Levels and vault maps discovered:
D:1:      heliophobic_arrival_enchanted_forest, layout_basic,
          shapermc_ecumenical_altar_mp_highgroup,
          chequers_serial_rivers_micro_a, st_stairs_9,
          minmay_misc_feat_nine_boxes
D:2:      kennysheep_six_static_rooms, layout_basic
D:3:      layout_loops_ring, fedhas_altar_3, nzn_wu_jian_contemplation,
          uniq_robin
D:4:      layout_layer_cave, kennysheep_mini_moat, overflow_temple_1_default
D:5:      kennysheep_steamy, layout_rooms, mainiacjoe_overflow_tiny_flanked

Skill      XL: |  1  2  3  4  5  6 |
---------------+-------------------+-----
Throwing       | 2 |  2.0
Dodging        | 3 4 |  4.2
Long Blades    | 3 4 |  4.2
Fighting       | 3 4 |  4.0
Armour         | 1 2 |  2.1

Action                   |  1- 3 |  4- 6 || total
-------------------------+-------+-------++-------
Melee: Long sword        |    68 |   164 ||   232
       Punch             |     2 |       ||     2
       Kick              |     8 |    45 ||    53
Throw: Throwing net      |     1 |       ||     1
  Use: Scroll            |       |     6 ||     6
 Stab: Sleeping          |     3 |     2 ||     5
Armor: Leather armour    |    14 |    16 ||    30
       Ring mail         |       |    15 ||    15
       Scale mail        |       |    48 ||    48
Dodge: Dodged            |    58 |   165 ||   223
Block: Other             |       |    62 ||    62
